3L
ECHO PARK LAKERS @ KINGSTON TOWNSHIP LEGION
06/09/2033
 
TOP OF THE 1ST
Echo Park Lakers batting - Pitching for Kingston Township Legion : LHP Pete Rhue
Pitching: LHP Pete Rhue
Batting: RHB Guillermo Coss 0-0: Ball
1-0: Ground out 5-3 (Groundball, 56S)
Batting: RHB Chris Harrell 0-0: Called Strike
0-1: Ball
1-1: Ball
2-1: Foul Ball, location: 2F
2-2: Ball
3-2: Foul Ball, location: 2F
3-2: Fly out, F4 (Line Drive, 4)
Batting: RHB Yoshihito Samurakami 0-0: Ball
1-0: Fly out, F2 (Popup, 23F)
Top of the 1st over - 0 runs, 0 hits, 0 errors, 0 left on base; Echo Park 0 - Kingston Township 0
BOTTOM OF THE 1ST
Kingston Township Legion batting - Pitching for Echo Park Lakers : RHP Mark Collingwood
Pitching: RHP Mark Collingwood
Batting: RHB Juanito González 0-0: Ground out 5-3 (Groundball, 56S)
Batting: RHB EP Weston 0-0: Foul Ball, location: 2F
0-1: Called Strike
0-2: Foul Ball, location: 2F
0-2: Ball
1-2: Ground out 6-3 (Groundball, 6)
Batting: RHB Ron Bernard 0-0: Foul Ball, location: 2F
0-1: Called Strike
0-2: Ball
1-2: Ball
2-2: Ball
3-2: Foul Ball, location: 2F
3-2: Hit by Pitch
Batting: LHB Terrence Eler 0-0: Ball
1-0: Ball
2-0: Called Strike
2-1: Swinging Strike
2-2: Strikes out looking
Bottom of the 1st over - 0 runs, 0 hits, 0 errors, 1 left on base; Echo Park 0 - Kingston Township 0
TOP OF THE 2ND
Echo Park Lakers batting - Pitching for Kingston Township Legion : LHP Pete Rhue
Batting: RHB Alfredo Mojica 0-0: Fly out, F9 (Line Drive, 89M)
Batting: RHB Freddy Torres 0-0: Swinging Strike
0-1: Fly out, F8 (Flyball, 89M)
Batting: RHB Zhenya Worobtsoff 0-0: Ground out 6-3 (Groundball, 6)
Top of the 2nd over - 0 runs, 0 hits, 0 errors, 0 left on base; Echo Park 0 - Kingston Township 0
BOTTOM OF THE 2ND
Kingston Township Legion batting - Pitching for Echo Park Lakers : RHP Mark Collingwood
Batting: RHB Scott Robertson 0-0: Swinging Strike
0-1: Ball
1-1: Ground out 6-3 (Groundball, 6MS)
Batting: RHB Alfredo Cardenas 0-0: Called Strike
0-1: Ball
1-1: Called Strike
1-2: Ball
2-2: Fly out, F8 (Flyball, 8RS)
Batting: RHB Júlio Rodríguez 0-0: Ball
1-0: Fly out, F8 (Flyball, 8RS)
Bottom of the 2nd over - 0 runs, 0 hits, 0 errors, 0 left on base; Echo Park 0 - Kingston Township 0
TOP OF THE 3RD
Echo Park Lakers batting - Pitching for Kingston Township Legion : LHP Pete Rhue
Batting: LHB Tony Vega 0-0: Ball
1-0: Called Strike
1-1: Foul Ball, location: 2F
1-2: Fly out, F8 (Flyball, 8RXD)
Batting: RHB Danny Walsh 0-0: Ball
1-0: Swinging Strike
1-1: Ball
2-1: Called Strike
2-2: Strikes out looking
Batting: LHB Bartolo Sierra 0-0: Ground out 4-3 (Groundball, 34)
Top of the 3rd over - 0 runs, 0 hits, 0 errors, 0 left on base; Echo Park 0 - Kingston Township 0
BOTTOM OF THE 3RD
Kingston Township Legion batting - Pitching for Echo Park Lakers : RHP Mark Collingwood
Batting: RHB José Icaza 0-0: Ball
1-0: Ground out 6-3 (Groundball, 6)
Batting: LHB Dong-jin Kim 0-0: Ball
1-0: Ball
2-0: Ground out 6-3 (Groundball, 6M)
Batting: RHB Juanito González 0-0: Ball
1-0: Swinging Strike
1-1: Ball
2-1: Foul Ball, location: 2F
2-2: Foul Ball, location: 2F
2-2: Strikes out looking
Bottom of the 3rd over - 0 runs, 0 hits, 0 errors, 0 left on base; Echo Park 0 - Kingston Township 0
TOP OF THE 4TH
Echo Park Lakers batting - Pitching for Kingston Township Legion : LHP Pete Rhue
Batting: RHB Guillermo Coss 0-0: Ball
1-0: Swinging Strike
1-1: Ball
2-1: Foul Ball, location: 2F
2-2: Strikes out looking
Batting: RHB Chris Harrell 0-0: Swinging Strike
0-1: SOLO HOME RUN (Flyball, 7D), Distance : 426 ft
Batting: RHB Yoshihito Samurakami 0-0: Foul Ball, location: 2F
0-1: Swinging Strike
0-2: Strikes out swinging
Batting: RHB Alfredo Mojica 0-0: Foul Ball, location: 2F
0-1: Foul Ball, location: 2F
0-2: Strikes out looking
Top of the 4th over - 1 run, 1 hit, 0 errors, 0 left on base; Echo Park 1 - Kingston Township 0
BOTTOM OF THE 4TH
Kingston Township Legion batting - Pitching for Echo Park Lakers : RHP Mark Collingwood
Batting: RHB EP Weston 0-0: Foul Ball, location: 2F
0-1: Foul Ball, location: 2F
0-2: Foul Ball, location: 2F
0-2: Strikes out swinging
Batting: RHB Ron Bernard 0-0: Called Strike
0-1: Ground out 6-3 (Groundball, 6M)
Batting: LHB Terrence Eler 0-0: Swinging Strike
0-1: Ball
1-1: Foul Ball, location: 2F
1-2: Ball
2-2: Strikes out swinging
Bottom of the 4th over - 0 runs, 0 hits, 0 errors, 0 left on base; Echo Park 1 - Kingston Township 0
TOP OF THE 5TH
Echo Park Lakers batting - Pitching for Kingston Township Legion : LHP Pete Rhue
Batting: RHB Freddy Torres 0-0: Ball
1-0: SINGLE (Groundball, 56D)
Batting: RHB Zhenya Worobtsoff 0-0: Ball
1-0: Sac Bunt - play at first, batter OUT! U3
Freddy Torres to second
Batting: LHB Tony Vega 0-0: Ball
1-0: Ball
2-0: Called Strike
2-1: Foul Ball, location: 2F
2-2: Ball
3-2: Fly out, F7 (Flyball, 7D)
Batting: RHB Danny Walsh 0-0: Called Strike
0-1: Swinging Strike
0-2: Fly out, F7 (Line Drive, 7)
Top of the 5th over - 0 runs, 1 hit, 0 errors, 1 left on base; Echo Park 1 - Kingston Township 0
BOTTOM OF THE 5TH
Kingston Township Legion batting - Pitching for Echo Park Lakers : RHP Mark Collingwood
Batting: RHB Scott Robertson 0-0: Called Strike
0-1: Ball
1-1: Called Strike
1-2: Ground out 6-3 (Groundball, 6D)
Batting: RHB Alfredo Cardenas 0-0: Called Strike
0-1: Ball
1-1: Ground out 5-3 (Groundball, 56S)
Batting: RHB Júlio Rodríguez 0-0: Ball
1-0: Swinging Strike
1-1: Foul Ball, location: 2F
1-2: Fly out, F9 (Flyball, 9S)
Bottom of the 5th over - 0 runs, 0 hits, 0 errors, 0 left on base; Echo Park 1 - Kingston Township 0
TOP OF THE 6TH
Echo Park Lakers batting - Pitching for Kingston Township Legion : LHP Pete Rhue
Batting: LHB Bartolo Sierra 0-0: Called Strike
0-1: Ball
1-1: Called Strike
1-2: Foul Ball, location: 2F
1-2: Strikes out swinging
Batting: RHB Guillermo Coss 0-0: Ball
1-0: Foul Ball, location: 2F
1-1: Ball
2-1: Called Strike
2-2: Foul Ball, location: 2F
2-2: Strikes out swinging
Batting: RHB Chris Harrell 0-0: Swinging Strike
0-1: Ball
1-1: Swinging Strike
1-2: Ball
2-2: Fly out, F8 (Flyball, 89D)
Top of the 6th over - 0 runs, 0 hits, 0 errors, 0 left on base; Echo Park 1 - Kingston Township 0
BOTTOM OF THE 6TH
Kingston Township Legion batting - Pitching for Echo Park Lakers : RHP Mark Collingwood
Batting: RHB José Icaza 0-0: Ball
1-0: Swinging Strike
1-1: Foul Ball, location: 2F
1-2: Strikes out swinging
Batting: LHB Dong-jin Kim 0-0: Fly out, F7 (Flyball, 7LS)
Batting: RHB Juanito González 0-0: Ball
1-0: Ground out 6-3 (Groundball, 6)
Bottom of the 6th over - 0 runs, 0 hits, 0 errors, 0 left on base; Echo Park 1 - Kingston Township 0
TOP OF THE 7TH
Echo Park Lakers batting - Pitching for Kingston Township Legion : LHP Pete Rhue
Batting: RHB Yoshihito Samurakami 0-0: Ball
1-0: Called Strike
1-1: Swinging Strike
1-2: Ball
2-2: Strikes out swinging
Batting: RHB Alfredo Mojica 0-0: Fly out, F9 (Flyball, 89M)
Batting: RHB Freddy Torres 0-0: Fly out, F9 (Flyball, 9D)
Top of the 7th over - 0 runs, 0 hits, 0 errors, 0 left on base; Echo Park 1 - Kingston Township 0
BOTTOM OF THE 7TH
Kingston Township Legion batting - Pitching for Echo Park Lakers : RHP Mark Collingwood
Batting: RHB EP Weston 0-0: Ball
1-0: Fly out, F6 (Flyball, 6MD)
Batting: RHB Ron Bernard 0-0: Ball
1-0: Foul Ball, location: 2F
1-1: Foul Ball, location: 2F
1-2: Ball
2-2: Fly out, F6 (Line Drive, 6M)
Batting: LHB Terrence Eler 0-0: Fly out, F7 (Flyball, 78M)
Bottom of the 7th over - 0 runs, 0 hits, 0 errors, 0 left on base; Echo Park 1 - Kingston Township 0
TOP OF THE 8TH
Echo Park Lakers batting - Pitching for Kingston Township Legion : LHP Pete Rhue
Batting: RHB Zhenya Worobtsoff 0-0: Ball
1-0: Ball
2-0: Fly out, F3 (Popup, 23F)
Batting: LHB Tony Vega 0-0: Fly out, F4 (Line Drive, 4)
Batting: RHB Danny Walsh 0-0: Ball
1-0: Ball
2-0: Called Strike
2-1: Swinging Strike
2-2: DOUBLE (Line Drive, 8LD)
Pinch Hitting: RHB António López 0-0: Swinging Strike
0-1: Foul Ball, location: 2F
0-2: Ball
1-2: Strikes out looking
Top of the 8th over - 0 runs, 1 hit, 0 errors, 1 left on base; Echo Park 1 - Kingston Township 0
BOTTOM OF THE 8TH
Kingston Township Legion batting - Pitching for Echo Park Lakers : RHP Mark Collingwood
Now in CF: Albert González
Batting: RHB Scott Robertson 0-0: Ball
1-0: Ball
2-0: Called Strike
2-1: Fly out, F7 (Flyball, 7)
Batting: RHB Alfredo Cardenas 0-0: Foul Ball, location: 2F
0-1: Ball
1-1: Swinging Strike
1-2: Ball
2-2: Foul Ball, location: 2F
2-2: Strikes out swinging
Batting: RHB Júlio Rodríguez 0-0: Called Strike
0-1: Ball
1-1: Ball
2-1: Called Strike
2-2: Ball
3-2: Strikes out swinging
Bottom of the 8th over - 0 runs, 0 hits, 0 errors, 0 left on base; Echo Park 1 - Kingston Township 0
TOP OF THE 9TH
Echo Park Lakers batting - Pitching for Kingston Township Legion : LHP Pete Rhue
Batting: RHB Guillermo Coss 0-0: DOUBLE (Line Drive, 78D)
Batting: RHB Chris Harrell 0-0: Called Strike
0-1: Ground out 6-3 (Groundball, 6)
Guillermo Coss to third
Batting: RHB Yoshihito Samurakami 0-0: Ball
1-0: Ball
2-0: DOUBLE (Line Drive, 89D)
Guillermo Coss scores
Pitching: RHP Yeon-kyu Kim
Batting: RHB Alfredo Mojica 0-0: SINGLE (Line Drive, 8LS)
Yoshihito Samurakami to third
Batting: RHB Freddy Torres 0-0: Ball
1-0: Called Strike
1-1: SINGLE (Groundball, 56D)
Yoshihito Samurakami scores
Alfredo Mojica to second
Batting: RHB Zhenya Worobtsoff 0-0: Ball
1-0: Foul Ball, location: 2F
1-1: Ball
2-1: Ball
3-1: Swinging Strike
3-2: Foul Ball, location: 2F
3-2: Ground out 4-3 (Groundball, 4MS)
Alfredo Mojica to third
Freddy Torres to second
Batting: LHB Tony Vega 0-0: Swinging Strike
0-1: Called Strike
0-2: Foul Ball, location: 2F
0-2: Ball
1-2: Strikes out looking
Top of the 9th over - 2 runs, 4 hits, 0 errors, 2 left on base; Echo Park 3 - Kingston Township 0
BOTTOM OF THE 9TH
Kingston Township Legion batting - Pitching for Echo Park Lakers : RHP Mark Collingwood
Batting: RHB José Icaza 0-0: Called Strike
0-1: Ball
1-1: Called Strike
1-2: Strikes out swinging
Batting: LHB Dong-jin Kim 0-0: Ground out 6-3 (Groundball, 4MD)
Batting: RHB Juanito González 0-0: Called Strike
0-1: Ball
1-1: Ground out 6-3 (Groundball, 6D)
Bottom of the 9th over - 0 runs, 0 hits, 0 errors, 0 left on base; Echo Park 3 - Kingston Township 0
Saturday, December 22nd, 2018 - OOTP Baseball 18.8 Build 76